 Dungeon Crawl Stone Soup version 0.28-a0-1435-g82390b3a13 (webtiles) character file.

Game seed: 28923634225893138

1756 gimp the Carver (level 8, -5/74 HPs)
             Began as a Minotaur Gladiator on Jan 9, 2022.
             Was an Initiate of Gozag.
             Slain by a manticore (6 damage)
             ... on level 6 of the Dungeon.
             The game lasted 00:07:26 (6559 turns).

gimp the Carver (Minotaur Gladiator)                Turns: 6559, Time: 00:07:26

Health: -5/74      AC: 12    Str: 19    XL:     8   Next: 78%
Magic:  7/7        EV:  6    Int:  5    God:    Gozag
Gold:   656        SH:  0    Dex: 14    Spells: 7/7 levels left

rFire   . . .      SeeInvis .   a - +0 long sword
rCold   . . .      Faith    .   j - orb {*Rage}
rNeg    . . .      Spirit   .   B - +0 plate armour
rPois   .          Reflect  .   c - +0 hat
rElec   .          Harm     .   f - +0 cloak
rCorr   .          Rampage  .   (no gloves)
Will    .....      Rage     20% t - +0 pair of boots
Stlth   ..........              (no amulet)
HPRegen 0.22/turn               g - ring of flight
MPRegen 0.10/turn               (no ring)

@: on berserk cooldown, flying, slowed, very slow
A: horns 2, retaliatory headbutt
a: Renounce Religion, Potion Petition, Call Merchant, Bribe Branch


You were on level 6 of the Dungeon.
You worshipped Gozag.
Gozag was pleased with you.
You visited 1 branch of the dungeon, and saw 6 of its levels.

You collected 688 gold pieces.
You paid 32 gold pieces to Gozag.

Inventory:

Hand Weapons
 a - a +0 long sword (weapon)
Missiles
 d - 5 throwing nets (quivered)
 e - 43 poisoned darts
Armour
 c - a +0 hat (worn)
 f - a +0 cloak (worn)
 j - an orb of wrath (worn)
 t - a +0 pair of boots (worn)
 B - a +0 plate armour (worn)
Jewellery
 g - a ring of flight (left hand)
 A - a ring of fire
Wands
 y - a wand of paralysis (6)
Scrolls
 h - a scroll of teleportation {unknown}
 i - a scroll of amnesia {unknown}
 k - 3 scrolls of enchant armour {unknown}
 l - a scroll of vulnerability {unknown}
 n - a scroll of immolation {unknown}
 o - 8 scrolls of magic mapping {unknown}
 p - 6 scrolls of identify {unknown}
 x - a scroll of enchant weapon {unknown}
 z - 2 scrolls of noise {unknown}
Potions
 b - a potion of berserk rage {unknown}
 m - a potion of heal wounds {unknown}
 q - 2 potions of degeneration {unknown}
 r - 2 potions of might
 s - a potion of haste {unknown}
 u - 3 potions of curing {unknown}
 v - 2 potions of brilliance {unknown}
 w - a potion of lignification {unknown}
 C - a potion of ambrosia {unknown}


   Skills:
 + Level 8.2 Fighting
 * Level 11.6 Long Blades
 - Level 2.0 Throwing
 - Level 3.2 Dodging


You had 7 spell levels left.
You didn't know any spells.
Your spell library contained the following spells:

 Spells                   Type           Power      Damage    Failure   Level
 Animate Skeleton         Necr           0%         N/A       100%        1
 Apportation              Tloc           0%         N/A       100%        1
 Summon Small Mammal      Summ           0%         N/A       100%        1
 Ensorcelled Hibernation  Hex/Ice        0%         N/A       100%        2
 Dazzling Flash           Conj/Hex       0%         N/A       100%        3
 Spider Form              Tmut/Pois      0%         N/A       100%        3
 Iskenderun's Mystic Bla  Conj/Tloc      0%         2d3       100%        4
 Starburst                Conj/Fire      0%         6d3       100%        6


Dungeon Overview and Level Annotations

Branches:
Dungeon (6/15)             Temple (0/1) D:4

Altars:
Ashenzari
Dithmenos
Elyvilon
Fedhas
Gozag
Kikubaaqudgha
Okawaru
Zin

Shops:
D:3 *:(   D:4 :


Innate Abilities, Weirdness & Mutations

You have a pair of horns on your head.
You reflexively headbutt those who attack you in melee.


Message History

You feel your anger nearly subside.
You are no longer berserk.
You are exhausted.
You feel yourself slow down.
You now have 74/74 hp.
You start waiting.
You are no longer corroded.
You reach down and open the door.
A manticore comes into view.
The manticore bites you!
The manticore claws you but does no damage.
The manticore barely misses you. x2; The manticore claws you!
The manticore barely misses you.
There is an open door, spattered with blood here.
You take 16 damage, and have 58/74 hp.
MASSIVE DAMAGE!!
You hit the manticore. You headbutt the manticore.
The manticore is moderately wounded.
The manticore bites you! The manticore barely misses you.
The manticore claws you.
You take 15 damage, and have 43/74 hp.
MASSIVE DAMAGE!!
Okay, then.
Aiming: Paralyse
Press: ? - help, Shift-Dir - straight line, f - manticore
Aim: a manticore (moderately wounded, chance to affect: 31%)
The manticore easily resists.
The manticore bites you! The manticore claws you.
The manticore claws you but does no damage.
The manticore completely misses you. You furiously retaliate!
You headbutt the manticore, but do no damage.
The manticore claws you!
* * * LOW HITPOINT WARNING * * *
The manticore claws you.
* * * LOW HITPOINT WARNING * * *
You take 26 damage, and have 17/74 hp.
MASSIVE DAMAGE!!
Aiming: Paralyse
Press: ? - help, Shift-Dir - straight line, f/p - manticore
Aim: a manticore (moderately wounded, chance to affect: 31%)
The manticore easily resists.
The manticore bites you!
* * * LOW HITPOINT WARNING * * *
The manticore claws you.
You die...
Your body crumbles into a pile of gold.

##.###.###......#.#.#
#####.#.## #.###.##.#.#
.......## #.#
#.##.#.###########
..###.## ##'#
#.##.#.)..........
#.###.#
#8.######.############.
#.....# +..'..###.#
#....... #######
#..#8..##.# #.######
#######.##.# #.# #####
#($$:$ #@##.# #.# ....#
.###+####H##.# #.#
###.# #.. $ #8..##.#
#.# ###.# ## ..+..###.#
#<# ..#.# #. ### #.#
#.# #.#.# # #.### #.#
#.#.# #...# #.######
#.#.# ###.# #.......
....# ###.# ##.#####


You could see a manticore.

Vanquished Creatures
  Grinder (D:3)
  Menkaure (D:4)
  An orc warrior (D:6)
  A black bear (D:4)
  A sky beast (D:5)
  2 necrophages
  An ogre (D:5)
  A centaur (D:6)
  A phantom (D:6)
  Blork the orc (D:4)
  3 scorpions
  A wyvern skeleton (D:6)
  A howler monkey (D:6)
  A hound (D:4)
  A jelly (D:6)
  An orc priest (D:4)
  Ijyb (D:5)
  A gnoll shaman (D:5)
  3 orc wizards
  Robin (D:4)
  7 gnolls
  4 adders
  2 ufetubi
  A worm (D:2)
  8 orcs
  4 ball pythons
  3 bats
  6 endoplasms
  4 giant cockroaches
  5 hobgoblins
  10 kobolds
  3 quokkas
  5 frilled lizards
  13 goblins
  A quokka skeleton (D:4)
  6 rats
107 creatures vanquished.

Vanquished Creatures (others)
  3 plants (D:6)
3 creatures vanquished.

Grand Total: 110 creatures vanquished

Notes
Turn   | Place    | Note
-------+----------+-------------------------------------------
     0 | D:1      | gimp the Minotaur Gladiator began the quest for the Orb.
     0 | D:1      | Reached XP level 1. HP: 18/18 MP: 0/0
    40 | D:1      | Found a faded altar of an unknown god.
   177 | D:1      | Reached skill level 4 in Long Blades
   183 | D:1      | Reached XP level 2. HP: 23/25 MP: 1/1
  1163 | D:2      | Reached XP level 3. HP: 31/31 MP: 2/2
  1739 | D:3      | Reached skill level 5 in Long Blades
  1845 | D:3      | Found Mojehe's General Store.
  1922 | D:3      | Noticed Grinder
  1931 | D:3      | Killed Grinder
  1932 | D:3      | Reached skill level 6 in Long Blades
  1932 | D:3      | Reached XP level 4. HP: 17/41 MP: 3/3
  1932 | D:3      | Reached XP level 5. HP: 19/47 MP: 4/4
  2170 | D:3      | Found an opulent altar of Gozag.
  2199 | D:3      | Became a worshipper of Gozag Ym Sagoz the Greedy
  2468 | D:3      | Found Anushic's Book Shoppe.
  2669 | D:3      | Found Eruafamoine's Weapon Shoppe.
  3006 | D:4      | Reached skill level 7 in Long Blades
  3010 | D:4      | Reached XP level 6. HP: 50/53 MP: 5/5
  3143 | D:4      | Found an ancient bone altar of Kikubaaqudgha.
  3201 | D:4      | Reached skill level 5 in Fighting
  3538 | D:4      | Identified the +0 helmet of the Abyss {Dex+3}
  3538 | D:4      | Noticed Robin
  3559 | D:4      | Reached skill level 8 in Long Blades
  3561 | D:4      | Killed Robin
  3566 | D:4      | Reached XP level 7. HP: 41/61 MP: 6/6
  3666 | D:4      | Found a staircase to the Ecumenical Temple.
  3694 | D:4      | Noticed Blork the orc
  3699 | D:4      | Killed Blork the orc
  3766 | D:4      | Noticed Menkaure
  3779 | D:4      | Killed Menkaure
  4248 | D:4      | Found Itikkaor's Book Emporium.
  4255 | D:4      | Reached skill level 9 in Long Blades
  4371 | D:5      | Entered Level 5 of the Dungeon
  4640 | D:5      | Found a white marble altar of Elyvilon.
  4849 | D:5      | Reached XP level 8. HP: 39/71 MP: 7/7
  4868 | D:5      | Reached skill level 10 in Long Blades
  5281 | D:5      | Noticed Ijyb
  5281 | D:5      | Paralysed by Ijyb for 7 turns
  5292 | D:5      | Paralysed by Ijyb for 3 turns
  5297 | D:5      | Killed Ijyb
  5729 | D:6      | Found an iron altar of Okawaru.
  6185 | D:6      | Found a glowing silver altar of Zin.
  6202 | D:6      | Reached skill level 11 in Long Blades
  6318 | D:6      | Found a blossoming altar of Fedhas.
  6320 | D:6      | Found a broken altar of Ashenzari.
  6428 | D:6      | Found a shadowy altar of Dithmenos.
  6542 | D:6      | Noticed a two-headed ogre
  6555 | D:6      | Noticed a manticore
  6559 | D:6      | HP: 1/74 [manticore (16)]
  6559 | D:6      | Slain by a manticore

Illustrated notes

Levels and vault maps discovered:
D:1:      nzn_arrival_settlement, layout_basic,
          hellmonk_ecumenical_altar_run_dry, serial_glass, glass_columns_a,
          glass_columns_b, glass_columns_c, glass_columns_a, glass_columns_a,
          glass_columns_a, kennysheep_decorative_pillar
D:2:      layout_loops_ring
D:3:      layout_basic, mainiacjoe_overflow_chevrons, serial_shops, shop,
          nicolae_square_shop, shop, uniq_grinder
D:4:      layout_basic, mainiacjoe_overflow_24_doors, minmay_temple_entry_fiery,
          serial_shops, nicolae_shop_advertising_works
          [nicolae_subvault_shop_adworks], uniq_blork_the_orc, uniq_robin,
          uniq_menkaure
D:5:      layout_loops_cross, elyvilon_altar_1, uniq_ijyb
D:6:      minmay_chambers_of_sixes, layout_loops_ring,
          mainiacjoe_overflow_cross_hatched, mainiacjoe_overflow_alcove_4,
          nicolae_overflow_hidden_temple, serial_bayou_crossing

Skill      XL: |  1  2  3  4  5  6  7  8 |
---------------+-------------------------+-----
Long Blades    | 4 6 7 8 9 11 | 11.6
Fighting       | 3 4 5 6 8 |  8.2
Throwing       | |  2.0
Dodging        | |  3.2

Action                   |  1- 3 |  4- 6 |  7- 9 || total
-------------------------+-------+-------+-------++-------
Melee: Long sword        |    76 |    64 |   127 ||   267
       Headbutt          |     6 |    10 |    29 ||    45
Evoke: Wand              |       |       |     2 ||     2
  Use: Potion            |       |       |     1 ||     1
Armor: Leather armour    |     3 |       |       ||     3
       Scale mail        |    25 |    46 |    28 ||    99
       Plate armour      |       |       |    13 ||    13
Dodge: Dodged            |    36 |    43 |    55 ||   134

Table legend: (Time is in decaauts)
 A = Elapsed time spent in this place.
 B = Non-inter-level travel time spent in this place.
 C = Inter-level travel time spent in this place.
 D = Time resting spent in this place.
 E = Time spent auto-exploring this place.
 F = Levels seen in this place.
 G = Mean time per level.
                   A        B        C        D        E       F      G
               +--------+--------+--------+--------+--------+-----+--------+
         Total |   6819 |   6726 |     93 |     69 |   5737 |   6 | 1136.5 |
       Dungeon |   6819 |   6726 |     93 |     69 |   5737 |   6 | 1136.5 |
               +--------+--------+--------+--------+--------+-----+--------+

Top non-repeatable levels by time:
     D:4: 1432 daAuts
     D:5: 1386 daAuts
     D:3: 1292 daAuts
     D:1: 980 daAuts
     D:6: 888 daAuts
     D:2: 839 daAuts
